 Dungeon Crawl Stone Soup version 0.30-a0-634-g8abc85282e (webtiles) character file.

Game seed: 1006999731283765153

3863 themarg the Martial Artist (level 10, 0/75 (76) HPs)
             Began as a Gnoll Transmuter on Jan 14, 2023.
             Was a High Priest of Sif Muna.
             Succumbed to Psyche's arc of chaos
             ... while paralysed by Psyche
             ... on level 8 of the Dungeon.
             The game lasted 00:21:01 (8132 turns).

themarg the Martial Artist (Gnoll Transmuter)       Turns: 8132, Time: 00:21:02

HP:   0/75 (76)     AC:  7    Str: 11    XL:     10   Next: 19%
MP:   20/21         EV:  2    Int: 21    God:    Sif Muna [*****.]
Gold: 443           SH:  0    Dex: 12    Spells: 13/23 levels left

rFire   . . .      SeeInvis .    z - +4 dagger "Morg" {pain, Will+ Int+5}
rCold   . . .      Faith    .    (no shield)
rNeg    . . .      Spirit   .    a - +0 robe
rPois   .          Reflect  .    m - +0 helmet
rElec   .          Harm     .    E - +1 cloak {Stlth+}
rCorr   .          Rampage  .    (no gloves)
Will    ++...                    p - +0 pair of boots
Stlth   ++++                     (no amulet)
HPRegen 0.32/turn                v - ring of willpower
MPRegen 0.17/turn                H - ring of wizardry

@: paralysed, agile, lethally poisoned (0 -> -6), lightly drained
A: fangs 1, strong nose, distributed training
a: Renounce Religion, Channel Magic, Forget Spell, Divine Exegesis


You were on level 8 of the Dungeon.
You worshipped Sif Muna.
Sif Muna was extremely pleased with you.
You visited 1 branch of the dungeon, and saw 8 of its levels.
You also visited: Sewer.

You collected 443 gold pieces.

Inventory:

Hand Weapons
 z - the +4 dagger "Morg" (weapon) {pain, Will+ Int+5}
   (You found it on level 3 of the Dungeon)

   Int:       It affects your intelligence (+5).
   Will:      It increases your willpower.
Missiles
 c - 3 javelins
 k - 110 stones
 u - 8 poisoned darts
 G - 2 silver boomerangs
 N - a throwing net
 Q - 2 boomerangs
Armour
 a - a +0 robe (worn)
 m - a +0 helmet (worn)
 p - a +0 pair of boots (worn)
 E - a +1 cloak of stealth (worn)
Jewellery
 v - a ring of willpower (left hand)
 H - a ring of wizardry (right hand)
 K - a ring of flight
Wands
 e - a wand of flame (9)
 q - a wand of polymorph (7)
Scrolls
 j - 2 scrolls of vulnerability {unknown}
 l - 2 scrolls of blinking
 o - 2 scrolls of teleportation
 r - 2 scrolls of fear {unknown}
 t - 2 scrolls of poison {unknown}
 y - a scroll of immolation {unknown}
 A - 2 scrolls of enchant weapon
 B - a scroll of fog {unknown}
 C - a scroll of brand weapon {unknown}
 D - 2 scrolls of enchant armour {unknown}
 I - a scroll of acquirement {unknown}
 J - 2 scrolls of identify
 M - a scroll of amnesia {unknown}
 O - a scroll of magic mapping {unknown}
 P - a scroll of noise {unknown}
Potions
 b - 2 potions of invisibility
 d - 4 potions of might
 f - 4 potions of berserk rage
 g - a potion of flight
 h - 4 potions of brilliance
 i - 4 potions of curing
 n - 2 potions of attraction
 s - a potion of resistance {unknown}
 w - a potion of cancellation {unknown}
 x - a potion of haste
 F - a potion of heal wounds {unknown}
 L - a potion of lignification


   Skills:
 + Level 5.9 Fighting
 + Level 5.2 Short Blades
 + Level 5.2 Long Blades
 + Level 5.2 Axes
 + Level 5.2 Maces & Flails
 + Level 5.2 Polearms
 + Level 5.2 Staves
 + Level 5.2 Ranged Weapons
 + Level 5.2 Throwing
 + Level 5.2 Armour
 + Level 7.0 Dodging
 + Level 5.2 Stealth
 + Level 5.2 Shields
 + Level 8.5 Unarmed Combat
 + Level 7.3 Spellcasting
 + Level 4.3 Conjurations
 + Level 4.3 Hexes
 + Level 4.3 Summonings
 + Level 4.3 Necromancy
 + Level 4.3 Translocations
 + Level 5.8 Transmutations
 + Level 4.3 Fire Magic
 + Level 4.3 Ice Magic
 + Level 4.3 Air Magic
 + Level 4.3 Earth Magic
 + Level 4.3 Poison Magic
 + Level 5.7 Invocations
 + Level 5.2 Evocations


You had 13 spell levels left.
You knew the following spells:

 Your Spells              Type           Power      Damage    Failure   Level
a - Beastly Appendage     Tmut           64%        N/A       1%          1
b - Wereblood             Tmut           32%        N/A       1%          2
c - Spider Form           Tmut/Pois      29%        N/A       1%          3
d - Ice Form              Ice/Tmut       29%        N/A       4%          4

Your spell library contained the following spells:

 Spells                   Type           Power      Damage    Failure   Level
 Foxfire                  Conj/Fire      100%       2x1d9     1%          1
 Necrotise                Necr           100%       1d9       1%          1
 Slow                     Hex            100%       N/A       1%          1
 Cigotuvi's Dreadful Rot  Necr/Pois/Air  50%        N/A       1%          2
 Sublimation of Blood     Necr           25%        N/A       1%          2
 Confusing Touch          Hex            25%        N/A       1%          3
 Tukima's Dance           Hex            25%        N/A       1%          3
 Vampiric Draining        Necr           25%        2d7       1%          3
 Petrify                  Tmut/Erth      29%        N/A       4%          4
 Animate Dead             Necr           25%        N/A       6%          4
 Passage of Golubria      Tloc           25%        N/A       6%          4
 Irradiate                Conj/Tmut      14%        3d16      12%         5
 Yara's Violent Unravell  Hex/Tmut       14%        3d7       12%         5
 Agony                    Necr           25%        N/A       16%         5
 Borgnjor's Vile Clutch   Necr/Erth      12%        N/A       16%         5
 Fireball                 Conj/Fire      12%        3d7       16%         5
 Starburst                Conj/Fire      12%        6d5       61%         6


Dungeon Overview and Level Annotations

Branches:
Dungeon (8/15)             Temple (0/1) D:6           Sewer (visited)
   Lair: D:8-11

Altars:
Ashenzari
Cheibriados
Elyvilon
Fedhas
Gozag
Makhleb
Ru
Sif Muna
Vehumet
Zin

Shops:
D:2 (*   D:3 *   D:8 =

Annotations:
D:8 Psyche


Innate Abilities, Weirdness & Mutations

You have very sharp teeth.
Your uncanny sense of smell can sniff out nearby items.
Your experience applies equally to all skills.


Message History

The bolt of electricity hits something!
The bolt of electricity hits you.
* * * LOW HITPOINT WARNING * * *
Something hits you!
* * * LOW HITPOINT WARNING * * *
Something tries to affect you, but you resist.
The electric eel shoots out a bolt of lightning at you!
The bolt of electricity hits something!
The bolt of electricity hits you!
* * * LOW HITPOINT WARNING * * *
You hear some strange, mumbled words.
A swirling arc of seething chaos appears!
An arc of chaos appears from out of thin air!
The arc of chaos hits you.
You are lethally poisoned!
* * * LOW HITPOINT WARNING * * *
You feel better.
You hear a zap.
You suddenly lose the ability to move!
You hear some strange, mumbled words.
A swirling arc of seething chaos appears!
An arc of chaos appears from out of thin air!
The arc of chaos hits you!
You feel agile all of a sudden.
You hear some strange, mumbled words.
A swirling arc of seething chaos appears!
An arc of chaos appears from out of thin air!
The arc of chaos hits you!
You are poisoned.
* * * LOW HITPOINT WARNING * * *
* * * LOW HITPOINT WARNING * * *
You feel sick.
You hear a zap.
Something tries to affect you, but you resist.
Your transformation has ended.
The +4 dagger "Morg" {pain, Will+ Int+5} unmelds from your body.
Your +1 cloak of stealth unmelds from your body.
Your +0 helmet unmelds from your body.
Your +0 pair of boots unmelds from your body.
Your +0 robe unmelds from your body.
Pain shudders through your arm!
You feel stealthy.
You die...

##### #...# #...#
####.[.######
###.......:...#
#......@####''#
#.#....##≈≈≈..S≈≈#
#.######≈≈......≈≈#
#.# #≈≈...##...≈≈#
#.# ≈≈....##....≈≈#
#.# ≈.....##.....≈≈
#.# ......##......≈
#.# .....####......
#.##


There were no monsters in sight!

Vanquished Creatures
  A hornet (D:8)
  Grinder (Sewer)
  A blink frog (D:8)
  A vampire mosquito (D:7)
  2 water moccasins
  An orc warrior (D:6)
  An ice beast (D:7)
  3 ogres
  2 centaurs
  2 phantoms
  A kobold brigand (Sewer)
  3 necrophages
  2 scorpions
  9 wights (D:7)
  10 killer bees
  2 quasits (Sewer)
  3 hounds
  Crazy Yiuf (D:5)
  A centaur skeleton (D:3)
  5 orc priests
  2 iguanas
  Natasha (D:3)
  7 orc wizards
  A hound zombie (D:3)
  Robin (D:3)
  8 adders
  7 gnolls
  4 shadow imps (Sewer)
  A white imp (D:6)
  6 ufetubi
  A spectral adder (D:3)
  An adder zombie (D:3)
  3 worms
  17 orcs
  A bat zombie (Sewer)
  9 endoplasms
  5 giant cockroaches
  14 goblins
  14 hobgoblins
  7 jackals (D:1)
  8 quokkas
  7 ball pythons
  A ball python skeleton (D:3)
  7 bats
  3 frilled lizards
  2 giant cockroach zombies
  20 kobolds
  A kobold zombie (Sewer)
  7 rats
218 creatures vanquished.

Vanquished Creatures (others)
  2 giant cockroach zombies (Sewer)
  A fungus (D:5)
  10 withered plants (D:3)
13 creatures vanquished.

Grand Total: 231 creatures vanquished

Notes
Turn   | Place    | Note
-------+----------+-------------------------------------------
     0 | D:1      | themarg the Gnoll Transmuter began the quest for the Orb.
     0 | D:1      | Reached XP level 1. HP: 17/17 MP: 6/6
   109 | D:1      | Found a faded altar of an unknown god.
   115 | D:1      | Prayed at the altar of an unknown god.
   115 | D:1      | Became a worshipper of Sif Muna the Loreminder
   115 | D:1      | Reached * piety under Sif Muna
   183 | D:1      | Reached XP level 2. HP: 22/23 MP: 5/7
   186 | D:1      | Learned a level 2 spell: Wereblood
   543 | D:1      | Reached skill level 5 in Spellcasting
   543 | D:1      | Reached XP level 3. HP: 27/28 MP: 7/9
   771 | D:1      | Reached ** piety under Sif Muna
   887 | D:2      | Reached skill level 1 in Invocations
   912 | D:2      | Found Syaciumu's Assorted Antiques.
   941 | D:2      | Learned a level 3 spell: Spider Form
  1087 | D:2      | Reached skill level 1 in Short Blades
  1087 | D:2      | Reached skill level 1 in Long Blades
  1087 | D:2      | Reached skill level 1 in Axes
  1087 | D:2      | Reached skill level 1 in Maces & Flails
  1087 | D:2      | Reached skill level 1 in Polearms
  1087 | D:2      | Reached skill level 1 in Staves
  1087 | D:2      | Reached skill level 1 in Ranged Weapons
  1087 | D:2      | Reached skill level 1 in Throwing
  1087 | D:2      | Reached skill level 1 in Armour
  1087 | D:2      | Reached skill level 1 in Stealth
  1087 | D:2      | Reached skill level 1 in Shields
  1087 | D:2      | Reached skill level 1 in Evocations
  1100 | D:2      | Reached XP level 4. HP: 34/34 MP: 8/11
  1250 | D:2      | Reached skill level 1 in Conjurations
  1250 | D:2      | Reached skill level 1 in Hexes
  1250 | D:2      | Reached skill level 1 in Summonings
  1250 | D:2      | Reached skill level 1 in Necromancy
  1250 | D:2      | Reached skill level 1 in Translocations
  1250 | D:2      | Reached skill level 1 in Fire Magic
  1250 | D:2      | Reached skill level 1 in Ice Magic
  1250 | D:2      | Reached skill level 1 in Air Magic
  1250 | D:2      | Reached skill level 1 in Earth Magic
  1250 | D:2      | Reached skill level 1 in Poison Magic
  1353 | D:2      | Reached XP level 5. HP: 27/40 MP: 7/12
  1679 | D:2      | Found Ostuit's Weapon Boutique.
  1821 | D:3      | Found a sacrificial altar of Ru.
  1857 | D:3      | Reached *** piety under Sif Muna
  1915 | D:3      | Found a glowing drain.
  1919 | Sewer    | Entered a sewer
  2100 | Sewer    | Found a burning altar of Makhleb.
  2113 | Sewer    | Noticed Grinder
  2119 | Sewer    | Paralysed by Grinder for 3 turns
  2153 | Sewer    | Killed Grinder
  2154 | Sewer    | Reached skill level 5 in Dodging
  2154 | Sewer    | Reached XP level 6. HP: 43/47 MP: 10/14
  2336 | Sewer    | Reached skill level 7 in Unarmed Combat
  2336 | Sewer    | Reached XP level 7. HP: 24/52 MP: 9/15
  2474 | Sewer    | Reached **** piety under Sif Muna
  2630 | Sewer    | Learned a level 4 spell: Ice Form
  2749 | D:3      | Noticed Robin
  2763 | D:3      | Killed Robin
  2890 | D:3      | Noticed Natasha
  2892 | D:3      | Found the +4 dagger "Morg" {pain, Will+ Int+5}
  2905 | D:3      | Killed Natasha
  3414 | D:3      | Found Xorucahu's Assorted Antiques.
  3670 | D:4      | Found a snail-covered altar of Cheibriados.
  3954 | D:4      | Found a broken altar of Ashenzari.
  3957 | D:4      | Found a radiant altar of Vehumet.
  3960 | D:4      | Found an opulent altar of Gozag.
  4118 | D:4      | Reached XP level 8. HP: 60/60 MP: 13/16
  4200 | D:5      | Entered Level 5 of the Dungeon
  4223 | D:5      | Found a runed translucent door.
  4224 | D:5      | Noticed Crazy Yiuf
  4236 | D:5      | Killed Crazy Yiuf
  4412 | D:5      | Got the Catalogue of the Sage
  4490 | D:5      | Found a white marble altar of Elyvilon.
  5629 | D:6      | Found a glowing silver altar of Zin.
  5916 | D:6      | Reached skill level 5 in Transmutations
  6160 | D:6      | Found a shimmering blue altar of Sif Muna.
  6232 | D:6      | Reached XP level 9. HP: 67/67 MP: 13/18
  6278 | D:6      | Found a staircase to the Ecumenical Temple.
  6347 | D:7      | Found a blossoming altar of Fedhas.
  6546 | D:7      | Reached skill level 5 in Fighting
  6803 | D:7      | Reached skill level 8 in Unarmed Combat
  6952 | D:7      | Reached skill level 5 in Invocations
  7731 | D:8      | Found a burning altar of Makhleb.
  7746 | D:8      | Noticed a hornet
  7787 | D:8      | Killed a hornet
  7788 | D:8      | Reached skill level 5 in Short Blades
  7788 | D:8      | Reached skill level 5 in Long Blades
  7788 | D:8      | Reached skill level 5 in Axes
  7788 | D:8      | Reached skill level 5 in Maces & Flails
  7788 | D:8      | Reached skill level 5 in Polearms
  7788 | D:8      | Reached skill level 5 in Staves
  7788 | D:8      | Reached skill level 5 in Ranged Weapons
  7788 | D:8      | Reached skill level 5 in Throwing
  7788 | D:8      | Reached skill level 5 in Armour
  7788 | D:8      | Reached skill level 5 in Stealth
  7788 | D:8      | Reached skill level 5 in Shields
  7788 | D:8      | Reached skill level 5 in Evocations
  7788 | D:8      | Reached XP level 10. HP: 70/76 MP: 17/20
  7791 | D:8      | Reached ***** piety under Sif Muna
  7992 | D:8      | Found Nerec's Jewellery Boutique.
  8108 | D:8      | Noticed Psyche
  8108 | D:8      | Noticed Prince Ribbit
  8116 | D:8      | Prince Ribbit changed into Prince Ribbit the blink frog
  8116 | D:8      | Noticed Prince Ribbit
  8123 | D:8      | Killed Prince Ribbit the blink frog
  8123 | D:8      | Received a gift from Sif Muna
  8127 | D:8      | HP: 2/75 [something/chain of chaos (4)]
  8128 | D:8      | Paralysed by something for 5 turns
  8132 | D:8      | Succumbed to Psyche's arc of chaos

Illustrated notes

Levels and vault maps discovered:
D:1:      minmay_arrival_loop, layout_basic, ebering_ecumenical_altar_rust,
          minmay_misc_feat_nine_boxes
D:2:      layout_loops_ring, serial_shops, shop,
          nicolae_shop_bloodbath_and_beyond
D:3:      layout_loops_ring, general_overflow_altar, gup_sewer_entry_bowl,
          serial_shops, nicolae_shop_crystal, minmay_misc_feat_five,
          dilly_guarded_unrand_morg, uniq_robin
D:4:      layout_rooms, grunt_temple_overflow_diamond,
          mainiacjoe_overflow_boulevard, grunt_ministairs_4
D:5:      layout_loops_cross, elyvilon_altar_1, uniq_crazy_yiuf_cottage
D:6:      layout_rooms, overflow_temple_1_default, mainiacjoe_overflow_alcove_2,
          minmay_temple_entry_nine_rooms, chequers_serial_rivers_large_b
D:7:      minmay_spotlight, layout_loops_cross, marbit_many_paths, st_stairs_14
D:8:      layout_loops_cross, mainiacjoe_overflow_cross_hatched,
          lair_entry_dummy, serial_shops, nicolae_square_shop,
          kennysheep_cross_room, uniq_psyche, uniq_prince_ribbit1

Skill      XL: |  1  2  3  4  5  6  7  8  9 10 |
---------------+-------------------------------+-----
Spellcasting   | 5 6 7 |  7.3
Invocations    | 1 2 3 4 5 |  5.7
Short Blades   | 1 2 3 4 5 |  5.2
Long Blades    | 1 2 3 4 5 |  5.2
Axes           | 1 2 3 4 5 |  5.2
Maces & Flails | 1 2 3 4 5 |  5.2
Polearms       | 1 2 3 4 5 |  5.2
Staves         | 1 2 3 4 5 |  5.2
Ranged Weapons | 1 2 3 4 5 |  5.2
Throwing       | 1 2 3 4 5 |  5.2
Armour         | 1 2 3 4 5 |  5.2
Stealth        | 1 2 3 4 5 |  5.2
Shields        | 1 2 3 4 5 |  5.2
Evocations     | 1 2 3 4 5 |  5.2
Conjurations   | 1 2 3 4 |  4.3
Hexes          | 1 2 3 4 |  4.3
Summonings     | 1 2 3 4 |  4.3
Necromancy     | 1 2 3 4 |  4.3
Translocations | 1 2 3 4 |  4.3
Fire Magic     | 1 2 3 4 |  4.3
Ice Magic      | 1 2 3 4 |  4.3
Air Magic      | 1 2 3 4 |  4.3
Earth Magic    | 1 2 3 4 |  4.3
Poison Magic   | 1 2 3 4 |  4.3
Fighting       | 3 4 5 |  5.9
Transmutations | 4 5 |  5.8
Dodging        | 5 6 7 |  7.0
Unarmed Combat | 7 8 |  8.5

Action                   |  1- 3 |  4- 6 |  7- 9 | 10-12 || total
-------------------------+-------+-------+-------+-------++-------
Melee: Unarmed           |    83 |   127 |   327 |    43 ||   580
       Kick              |    17 |       |       |       ||    17
       Headbutt          |     9 |     1 |       |       ||    10
       Punch             |     1 |     1 |       |       ||     2
       Bite              |     1 |       |       |       ||     1
       Dagger            |       |       |     1 |       ||     1
 Cast: Beastly Appendage |    18 |     2 |       |       ||    20
       Wereblood         |     3 |     6 |    10 |     1 ||    20
       Spider Form       |       |    19 |    35 |     1 ||    55
       Ice Form          |       |       |    19 |     1 ||    20
  Use: Potion            |       |     1 |     1 |     1 ||     3
       Scroll            |       |       |    11 |       ||    11
 Stab: Sleeping          |     3 |     1 |     7 |       ||    11
Armor: Robe              |    18 |     3 |     5 |       ||    26
       Skin              |       |    65 |    64 |    10 ||   139
Dodge: Dodged            |    59 |   125 |   267 |    31 ||   482

Table legend: (Time is in decaauts)
 A = Elapsed time spent in this place.
 B = Non-inter-level travel time spent in this place.
 C = Inter-level travel time spent in this place.
 D = Time resting spent in this place.
 E = Time spent auto-exploring this place.
 F = Levels seen in this place.
 G = Mean time per level.
                   A        B        C        D        E       F      G
               +--------+--------+--------+--------+--------+-----+--------+
         Total |   8069 |   7893 |    176 |    199 |   6170 |   9 |  896.6 |
       Dungeon |   7316 |   7140 |    176 |    120 |   5714 |   8 |  914.5 |
         Sewer |    753 |    753 |      0 |     79 |    456 |   1 |  753.0 |
               +--------+--------+--------+--------+--------+-----+--------+

Top non-repeatable levels by time:
     D:5: 1215 daAuts
     D:7: 1192 daAuts
     D:2: 939 daAuts
     D:3: 921 daAuts
     D:6: 908 daAuts
     D:1: 866 daAuts
   Sewer: 753 daAuts
     D:4: 688 daAuts
     D:8: 584 daAuts
